 Dungeon Crawl Stone Soup version 0.31.0-32-g396128a36d (webtiles) character file.

Game seed: 8331400966828427866

147 Doomgape the Trooper (level 5, -2/34 HPs)
             Began as a Gargoyle Fighter on Apr 3, 2024.
             Slain by an orc
             ... wielding a +0 whip
              (3 damage)
             ... on level 4 of the Dungeon.
             The game lasted 00:04:46 (1629 turns).

Doomgape the Trooper (Gargoyle Fighter)             Turns: 1629, Time: 00:04:47

Health: -2/34      AC: 11    Str: 28    XL:     5   Next: 29%
Magic:  5/5        EV:  9    Int:  8    God:
Gold:   137        SH:  4    Dex:  9    Spells: 4/4 levels left

rFire   . . .        m - +1 flail (holy)
rCold   . . .        c - +0 buckler
rNeg    + . .        b - +0 scale mail
rPois   ∞            (no helmet)
rElec   +            (no cloak)
rCorr   .            (no gloves)
SInv    .            (no boots)
Will    .....        (no amulet) Stlth
                     n - +6 ring of strength
HPRegen 0.25/turn    (no ring)
MPRegen 0.09/turn

%: no passive effects
@: no status effects
A: sickness immunity, AC +4, negative energy resistance 1, electricity
resistance, torment resistance 1, petrification resistance
a: no special abilities


You were on level 4 of the Dungeon.
You visited 1 branch of the dungeon, and saw 4 of its levels.

You collected 137 gold pieces.

Inventory:

Hand Weapons
 m - a +1 flail of holy wrath (weapon)
Missiles
 g - 2 javelins (quivered)
Armour
 b - a +0 scale mail (worn)
 c - a +0 buckler (worn)
Jewellery
 n - a +6 ring of strength (left hand)
Scrolls
 f - a scroll of identify
 i - 5 scrolls of vulnerability {unknown}
 j - a scroll of noise {unknown}
 o - a scroll of enchant weapon {unknown}
Potions
 a - a potion of resistance {unknown}
 d - a potion of might
 e - a potion of magic {unknown}
 h - 4 potions of attraction
 k - a potion of curing {unknown}
 l - a potion of experience {unknown}
 p - 2 potions of lignification {unknown}


   Skills:
 + Level 4.6 Fighting
 + Level 3.4 Maces & Flails
 + Level 4.4 Armour
 - Level 3.2 Shields


You had 4 spell levels left.
You didn't know any spells.
Your spell library contained the following spells:

 Spells                   Type           Power      Damage    Failure   Level
 Apportation              Tloc           0%         N/A       71%         1
 Necrotise                Necr           0%         1d4       71%         1
 Sting                    Conj/Alch      0%         1d3       71%         1
 Summon Small Mammal      Summ           0%         N/A       71%         1
 Dazzling Flash           Conj/Hex       0%         N/A       97%         3
 Volatile Blastmotes      Fire/Tloc      0%         2d10      97%         3
 Starburst                Conj/Fire      0%         6d3       100%        6
 Maxwell's Capacitive Co  Air            0%         ∞         100%        8


Dungeon Overview and Level Annotations

Branches:
Dungeon (4/15)
 Temple: D:4-7

Altars:


Innate Abilities, Weirdness & Mutations

You are immune to sickness and miasma.
Your stone body is resilient. (AC +4)
You are immune to poison.
You resist negative energy. (rN+)
You are resistant to electric shocks. (rElec)
You are resistant to unholy torment.
You are immune to petrification.


Message History

The kobold is moderately wounded.
The orc priest hits you but does no damage.
The kobold hits you but does no damage. The orc hits you with a +0 whip.
Unknown command.
You barely miss the kobold.
The kobold is moderately wounded.
The orc priest hits you from afar with a +0 spear.
The kobold hits you but does no damage. The orc closely misses you.
Unknown command.
You closely miss the kobold.
The kobold is moderately wounded.
The orc priest hits you from afar with a +0 spear.
The kobold hits you but does no damage. The orc hits you but does no damage.
You block the orc priest's attack. You block the kobold's attack.
The orc priest hits you but does no damage.
The orc hits you with a +0 whip.
You barely miss the orc priest. The orc priest barely misses you.
The kobold hits you with a +0 short sword.
The orc priest begins to cast a cantrip, but forgets the words!
You block the orc's attack.
Unknown command.
You hit the orc priest.
The orc priest is moderately wounded.
The orc priest barely misses you. You block the kobold's attack.
The orc hits you with a +0 whip. You block the orc priest's attack.
Unknown command.
You closely miss the orc priest.
The orc priest is moderately wounded.
The orc priest barely misses you.
The kobold hits you with a +0 short sword.
* * * LOW HITPOINT WARNING * * *
You block the orc's attack.
The orc priest mumbles some strange prayers to Beogh against you.
Beogh smites you!
* * * LOW HITPOINT WARNING * * *
You barely miss the orc priest.
The orc priest is moderately wounded.
The orc priest hits you but does no damage.
The kobold hits you but does no damage. The orc hits you with a +0 whip.
You die...

..............#...#........
####..........###'#.....###
#....#######...+..>..#
#....# #....#.....# #<...#
#....# +....# #....# #....#
#....# #....+ ##...# .....#
#o@o# .....#......K..#
.....#.......o.#
......#.........#
....##(..# .... #...# ...
....# .. .....#


You could see 2 orc priests, an orc and a kobold.

Vanquished Creatures
  Terence (D:2)
  An orc wizard (D:4)
  3 adders (D:3)
  A gnoll (D:1)
  A ribbon worm (D:3)
  A dart slug (D:4)
  6 orcs
  4 endoplasms
  2 giant cockroaches
  A goblin (D:1)
  4 hobgoblins
  6 jackals
  6 kobolds
  2 quokkas
  3 ball pythons
  4 bats
  A frilled lizard (D:1)
  4 rats
51 creatures vanquished.

Notes
Turn   | Place    | Note
-------+----------+-------------------------------------------
     0 | D:1      | Doomgape the Gargoyle Fighter began the quest for the Orb.
     0 | D:1      | Reached XP level 1. HP: 14/14 MP: 1/1
   163 | D:1      | Reached XP level 2. HP: 13/19 MP: 2/2
   447 | D:1      | Reached XP level 3. HP: 23/24 MP: 3/3
   451 | D:1      | You fall into a shaft and drop 1 floor!
   514 | D:2      | Noticed Terence
   521 | D:2      | Killed Terence
   622 | D:2      | Reached XP level 4. HP: 29/29 MP: 4/4
  1526 | D:4      | Reached XP level 5. HP: 34/34 MP: 5/5
  1628 | D:4      | HP: 1/34 [orc priest/divine providence (9)]
  1629 | D:4      | Slain by an orc

Illustrated notes

Levels and vault maps discovered:
D:1:      dpeg_arrival_castle, layout_basic,
          shapermc_ecumenical_altar_notcrosses, serial_shops, shop,
          palyth_stone_intersect, grunt_decor_resistance, serial_bayou_pond_a
D:2:      layout_rooms, uniq_terence
D:3:      layout_rooms, kennysheep_small_spiral
D:4:      layout_gridville, minmay_temple_entry_grid, nicolae_zig_zag_zippers,
          uniq_natasha, uniq_edmund, uniq_duvessa

Skill      XL: |  1  2  3  4 |
---------------+-------------+-----
Fighting       | 4 |  4.6
Armour         | 4 |  4.4
Maces & Flails | 3 |  3.4
Shields        | |  3.2

Action                     |  1- 3 |  4- 6 || total
---------------------------+-------+-------++-------
  Melee: Flail             |    77 |   106 ||   183
    Use: Scroll            |       |     1 ||     1
 Armour: Scale mail        |    64 |   138 ||   202
  Dodge: Dodged            |    51 |    95 ||   146
  Block: Buckler           |    21 |    34 ||    55
